 Dungeon Crawl Stone Soup version 0.26-a0-1086-g9010512d90 (webtiles) character file.

Game seed: 12528456716061395097

193 robertstho the Chiller (level 5, -4/37 HPs)
             Began as a Gnoll Ice Elementalist on Dec 14, 2020.
             Slain by Menkaure (24 damage)
             ... on level 4 of the Dungeon.
             The game lasted 00:03:51 (3655 turns).

robertstho the Chiller (Gnoll Ice Elementalist)     Turns: 3655, Time: 00:03:52

Health: -4/37      AC:  2    Str: 10    XL:     5   Next: 72%
Magic:  12/12      EV: 15    Int: 19    God:
Gold:   143        SH:  0    Dex: 15    Spells: 3/14 levels left

rFire    . . .     SeeInvis .   v - +1 spear (venom)
rCold    . . .     Faith    .   (no shield)
rNeg     . . .     Spirit   .   a - +0 robe
rPois    .         Reflect  .   (no helmet)
rElec    .         Harm     .   (no cloak)
rCorr    .         Rampage  .   (no gloves)
Will     .....                  (no boots)
Stlth    +++.......             (no amulet)
HPRegen  0.12/turn              (no ring)
MPRegen  0.13/turn              (no ring)

@: no status effects
A: distributed training, fangs 1, strong nose
a: no special abilities


You were on level 4 of the Dungeon.
You visited 1 branch of the dungeon, and saw 4 of its levels.

You collected 143 gold pieces.

Inventory:

Hand Weapons
 j - a +0 mace
 v - a +1 spear of venom (weapon)
Missiles
 p - 157 stones
 q - a throwing net
 r - 24 bolts
 s - 67 arrows
Armour
 a - a +0 robe (worn)
 n - a +2 leather armour of positive energy
Jewellery
 o - an uncursed ring of stealth {unknown}
 u - an uncursed ring of poison resistance {unknown}
Scrolls
 c - 3 scrolls of fog {unknown}
 e - 4 scrolls of remove curse {unknown}
 f - a scroll of magic mapping {unknown}
 g - a scroll of fear {unknown}
 l - 7 scrolls of identify {unknown}
 m - 2 scrolls of teleportation {unknown}
Potions
 b - a potion of resistance
 d - a potion of heal wounds
 h - a potion of might {unknown}
 i - a potion of haste {unknown}
 k - a potion of flight {unknown}
 t - a potion of attraction {unknown}


   Skills:
 + Level 1.6 Fighting
 + Level 1.6 Short Blades
 + Level 1.6 Long Blades
 + Level 1.6 Axes
 + Level 1.6 Maces & Flails
 + Level 1.6 Polearms
 + Level 1.6 Staves
 + Level 1.6 Slings
 + Level 1.6 Bows
 + Level 1.6 Crossbows
 + Level 1.6 Throwing
 + Level 1.6 Armour
 + Level 4.8 Dodging
 + Level 4.4 Stealth
 + Level 1.6 Shields
 + Level 1.6 Unarmed Combat
 + Level 5.2 Spellcasting
 + Level 1.3 Conjurations
 + Level 1.3 Hexes
 + Level 1.3 Summonings
 + Level 1.3 Necromancy
 + Level 1.3 Translocations
 + Level 1.3 Transmutations
 + Level 1.3 Fire Magic
 + Level 7.2 Ice Magic
 + Level 1.3 Air Magic
 + Level 1.3 Earth Magic
 + Level 1.3 Poison Magic
 + Level 1.8 Invocations
 + Level 1.6 Evocations


You had 3 spell levels left.
You knew the following spells:

 Your Spells              Type           Power        Failure   Level
a - Freeze                Ice            ####         1%          1
b - Frozen Ramparts       Ice            ####..       1%          3
c - Ozocubu's Armour      Ice            ####....     1%          3
d - Hailstorm             Conj/Ice       ###.....     21%         4

Your spell library contained the following spells:

 Spells                   Type           Power        Failure   Level
 Animate Skeleton         Necr           #.....       7%          1
 Apportation              Tloc           #.....       7%          1
 Corona                   Hex            #......      7%          1
 Summon Small Mammal      Summ           #...         7%          1
 Summon Ice Beast         Ice/Summ       ###.....     21%         4


Dungeon Overview and Level Annotations

Branches:
Dungeon (4/15)
 Temple: D:4-7

Altars:
Dithmenos

Annotations:
D:4 Menkaure


Innate Abilities, Weirdness & Mutations

Your experience applies equally to all skills.
You have very sharp teeth.
Your uncanny sense of smell can sniff out nearby items.


Message History

Menkaure is nearby!
Menkaure is nearby!
Found a scroll labelled SIEKLI OMOKH.
Menkaure hits you!!
You hit Menkaure but do no damage. Menkaure completely misses you.
You hit Menkaure.
Menkaure is lightly damaged.
Menkaure closely misses you.
You hit Menkaure but do no damage.
Menkaure is lightly damaged.
Menkaure mumbles some strange words.
Menkaure seems to speed up.
You hit Menkaure.
Menkaure is moderately damaged.
Menkaure misses you.
You closely miss Menkaure.
Menkaure is moderately damaged.
Menkaure hits you!!
Ouch! That really hurt!
You die...

#.# #..
####.# #..?.#
#....# #....#
#...M+ #...@#
####.# #.#
#.####!#.#.#.
#>..........
#.####.#.#.#
#...##+#+#.#
###........#
∆ #.........#


You could see Menkaure (fast).

Vanquished Creatures
  Jessica (D:2)
  8 gnolls
  An adder (D:3)
  An ooze (D:1)
  A worm (D:2)
  3 dart slugs
  A leopard gecko (D:1)
  9 orcs
  A ball python (D:2)
  2 giant cockroaches
  3 goblins
  7 hobgoblins
  8 bats
  10 frilled lizards
  A giant cockroach zombie (D:4)
  4 kobolds
  8 rats
69 creatures vanquished.

Vanquished Creatures (others)
  2 plants (D:4)
2 creatures vanquished.

Grand Total: 71 creatures vanquished

Notes
Turn   | Place    | Note
-------+----------+-------------------------------------------
     0 | D:1      | robertstho the Gnoll Ice Elementalist began the quest for
                  | the Orb.
     0 | D:1      | Reached XP level 1. HP: 13/13 MP: 6/6
   182 | D:1      | Reached XP level 2. HP: 17/19 MP: 4/7
   578 | D:1      | Reached XP level 3. HP: 23/25 MP: 5/9
   755 | D:1      | Reached skill level 5 in Spellcasting
   842 | D:1      | Reached skill level 1 in Invocations
   986 | D:2      | Reached skill level 1 in Fighting
   986 | D:2      | Reached skill level 1 in Short Blades
   986 | D:2      | Reached skill level 1 in Long Blades
   986 | D:2      | Reached skill level 1 in Axes
   986 | D:2      | Reached skill level 1 in Maces & Flails
   986 | D:2      | Reached skill level 1 in Polearms
   986 | D:2      | Reached skill level 1 in Staves
   986 | D:2      | Reached skill level 1 in Slings
   986 | D:2      | Reached skill level 1 in Bows
   986 | D:2      | Reached skill level 1 in Crossbows
   986 | D:2      | Reached skill level 1 in Throwing
   986 | D:2      | Reached skill level 1 in Armour
   986 | D:2      | Reached skill level 1 in Shields
   986 | D:2      | Reached skill level 1 in Unarmed Combat
   986 | D:2      | Reached skill level 1 in Evocations
   986 | D:2      | Reached XP level 4. HP: 7/32 MP: 7/11
  1759 | D:2      | Learned a level 3 spell: Frozen Ramparts
  1763 | D:2      | Learned a level 3 spell: Ozocubu's Armour
  1768 | D:2      | Learned a level 4 spell: Hailstorm
  1937 | D:2      | Reached skill level 1 in Conjurations
  1937 | D:2      | Reached skill level 1 in Hexes
  1937 | D:2      | Reached skill level 1 in Summonings
  1937 | D:2      | Reached skill level 1 in Necromancy
  1937 | D:2      | Reached skill level 1 in Translocations
  1937 | D:2      | Reached skill level 1 in Transmutations
  1937 | D:2      | Reached skill level 1 in Fire Magic
  1937 | D:2      | Reached skill level 1 in Air Magic
  1937 | D:2      | Reached skill level 1 in Earth Magic
  1937 | D:2      | Reached skill level 1 in Poison Magic
  1994 | D:2      | Noticed Jessica
  2001 | D:2      | Killed Jessica
  2002 | D:2      | Reached XP level 5. HP: 20/37 MP: 12/12
  2774 | D:3      | Found a shadowy altar of Dithmenos.
  3646 | D:4      | Noticed Menkaure
  3655 | D:4      | Slain by Menkaure

Illustrated notes

Levels and vault maps discovered:
D:1:      heliophobic_arrival_glass_houses, layout_rooms, minmay_box_of_dots
D:2:      layout_loops_ring, minmay_lizard_pond, uniq_jessica
D:3:      layout_loops_ring, grunt_dithmenos_smoke_and_mirrors
D:4:      layout_basic, fedhas_altar_1, uniq_eustachio, uniq_menkaure,
          uniq_robin

Skill      XL: |  1  2  3  4 |
---------------+-------------+-----
Spellcasting   | 5 |  5.2
Invocations    | 1 |  1.8
Fighting       | 1 |  1.6
Short Blades   | 1 |  1.6
Long Blades    | 1 |  1.6
Axes           | 1 |  1.6
Maces & Flails | 1 |  1.6
Polearms       | 1 |  1.6
Staves         | 1 |  1.6
Slings         | 1 |  1.6
Bows           | 1 |  1.6
Crossbows      | 1 |  1.6
Throwing       | 1 |  1.6
Armour         | 1 |  1.6
Shields        | 1 |  1.6
Unarmed Combat | 1 |  1.6
Evocations     | 1 |  1.6
Conjurations   | 1 |  1.3
Hexes          | 1 |  1.3
Summonings     | 1 |  1.3
Necromancy     | 1 |  1.3
Translocations | 1 |  1.3
Transmutations | 1 |  1.3
Fire Magic     | 1 |  1.3
Air Magic      | 1 |  1.3
Earth Magic    | 1 |  1.3
Poison Magic   | 1 |  1.3
Dodging        | |  4.8
Stealth        | |  4.4
Ice Magic      | |  7.2

Action                   |  1- 3 |  4- 6 || total
-------------------------+-------+-------++-------
Melee: Unarmed           |    26 |       ||    26
       Bite              |     5 |     5 ||    10
       Mace              |     4 |    38 ||    42
       Punch             |       |     1 ||     1
       Spear             |       |    29 ||    29
 Cast: Freeze            |    29 |    16 ||    45
       Frozen Ramparts   |       |     6 ||     6
  Use: Potion            |       |     2 ||     2
 Stab: Sleeping          |     5 |     6 ||    11
Armor: Robe              |    14 |     6 ||    20
Dodge: Dodged            |    41 |    46 ||    87

Table legend: (Time is in decaauts)
 A = Elapsed time spent in this place.
 B = Non-inter-level travel time spent in this place.
 C = Inter-level travel time spent in this place.
 D = Time resting spent in this place.
 E = Time spent auto-exploring this place.
 F = Levels seen in this place.
 G = Mean time per level.
                   A        B        C        D        E       F      G
               +--------+--------+--------+--------+--------+-----+--------+
         Total |   3670 |   3578 |     92 |    527 |   2567 |   4 |  917.5 |
       Dungeon |   3670 |   3578 |     92 |    527 |   2567 |   4 |  917.5 |
               +--------+--------+--------+--------+--------+-----+--------+

Top non-repeatable levels by time:
     D:2: 1480 daAuts
     D:1: 1103 daAuts
     D:3: 958 daAuts
     D:4: 128 daAuts
